 Dungeon Crawl Stone Soup version 0.28.0 (webtiles) character file.

Game seed: 5603211412003772877

576 PoweredByGinger the Cleaver (level 7, -4/58 (60) HPs)
             Began as a Hill Orc Monk on Feb 7, 2022.
             Was a Believer of Beogh.
             Slain by a wight (17 damage)
             ... on level 4 of the Dungeon.
             The game lasted 00:07:38 (4485 turns).

PoweredByGinger the Cleaver (Hill Orc Monk)         Turns: 4485, Time: 00:07:38

HP:   -4/58 (60)    AC:  2    Str: 16    XL:     7   Next: 35%
MP:   7/7           EV: 12    Int: 16    God:    Beogh [**....]
Gold: 132           SH:  0    Dex: 13    Spells: 6/6 levels left

rFire   . . .      SeeInvis .   a - +0 hand axe
rCold   . . .      Faith    +   (no shield)
rNeg    . . .      Spirit   .   b - +0 robe
rPois   .          Reflect  .   (no helmet)
rElec   .          Harm     .   (no cloak)
rCorr   .          Rampage  .   (no gloves)
Will    .....                   (no boots)
Stlth   +++.......              o - amulet "Haruel" {Faith Int+6 Stlth+}
HPRegen 0.19/turn               (no ring)
MPRegen 0.10/turn               (no ring)

@: lightly drained
A: no striking features
a: Renounce Religion, Smiting


You were on level 4 of the Dungeon.
You worshipped Beogh.
Beogh was pleased with you.
You visited 1 branch of the dungeon, and saw 5 of its levels.

You collected 132 gold pieces.

Inventory:

Hand Weapons
 a - a +0 hand axe (weapon)
Missiles
 c - 49 arrows
 j - 40 bolts
Armour
 b - a +0 robe (worn)
 f - a +3 scale mail of willpower
 l - a +0 pair of gloves
Magical Staves
 d - a staff of death
Jewellery
 o - the amulet "Haruel" (around neck) {Faith Int+6 Stlth+}
   (You found it on level 4 of the Dungeon)

   [amulet of faith]

   It allows you to gain divine favour quickly.
   Int:       It affects your intelligence (+6).
   Stlth:     It makes you more stealthy.
Wands
 m - a wand of iceblast (2)
 p - a wand of mindburst (8)
Scrolls
 e - 2 scrolls of identify
 g - 3 scrolls of noise {unknown}
 h - a scroll of amnesia
 n - a scroll of teleportation {unknown}
 q - a scroll of holy word {unknown}


   Skills:
 + Level 4.9 Fighting
 * Level 9.4 Axes
 - Level 2.4 Dodging
 - Level 2.8 Stealth
 + Level 0.5 Evocations


You had 6 spell levels left.
You didn't know any spells.
Your spell library was empty.

Dungeon Overview and Level Annotations

Branches:
Dungeon (5/15)
 Temple: D:4-7

Altars:
Dithmenos
Fedhas
Kikubaaqudgha

Shops:
D:2 [   D:4 [

Annotations:
D:5 Sigmund


Message History

You miss the adder. The adder bites you.
You are poisoned.
The adder poisons you!
You closely miss the adder.
You feel sick. The adder bites you but does no damage.
You hit the adder.
The adder is moderately wounded.
You feel sick. The adder bites you.
You hit the adder.
The adder is heavily wounded.
You feel sick. The adder bites you.
You slash the adder!
You kill the adder!
Beogh accepts your kill.
You feel sick.
You feel sick.
You start resting.
You feel sick.
You are no longer poisoned.
You start resting.
HP restored.
There is a stone staircase leading down here.
You climb downwards.
Level annotation: Sigmund The wight hits you with a +4 falchion!
The gnoll hits you with a +0 flail! The gnoll closely misses you.
There is a stone staircase leading up, spattered with blood here.
Unknown command.
The wight hits you with a +4 falchion! The gnoll hits you with a +0 flail.
The gnoll closely misses you.
You climb upwards.
There is a stone staircase leading down here.
Unknown command.
Unknown command.
The wight closely misses you. The gnoll hits you with a +0 flail.
The wight hits you with a +4 falchion!
* * * LOW HITPOINT WARNING * * *
You feel drained.
You barely miss the wight. You barely miss the wight.
The wight hits you with a +4 falchion!
You die...

# #.#.###.#.# # #########
#.#.#...#.# ##
#.......####.#...###.#
.####............#<.)###.#
....)........######.#....#
.............#......#.####
.)...........#.######.#
.......#####'#.######.#
.......# #....gz@.....#
.......# #^...#########
.......###.........#
..[....'.......>...#
.......#######.....#
#...#### ####### #...#
#.<.# #...#


You could see a wight and a gnoll.

Vanquished Creatures
  Edmund (D:4)
  3 phantoms (D:4)
  A centaur (D:4)
  An orc priest (D:4)
  3 orc wizards (D:4)
  3 adders
  An adder skeleton (D:4)
  3 dart slugs
  2 orcs
  4 ball pythons
  A bat (D:1)
  3 endoplasms
  A giant cockroach (D:2)
  3 goblins
  7 hobgoblins
  2 quokkas
  4 frilled lizards
  2 kobolds
  2 rats
47 creatures vanquished.

Vanquished Creatures (others)
  A human (D:3)
1 creature vanquished.

Grand Total: 48 creatures vanquished

Notes
Turn   | Place    | Note
-------+----------+-------------------------------------------
     0 | D:1      | PoweredByGinger the Hill Orc Monk began the quest for the
                  | Orb.
     0 | D:1      | Reached XP level 1. HP: 19/19 MP: 1/1
   138 | D:1      | Reached XP level 2. HP: 23/26 MP: 2/2
   172 | D:1      | You fall into a shaft and drop 1 floor!
   280 | D:2      | Reached XP level 3. HP: 27/31 MP: 3/3
   383 | D:2      | Found a blossoming altar of Fedhas.
   481 | D:2      | Reached skill level 5 in Axes
   667 | D:2      | Found Lurasym's Antique Armour Shoppe.
  1295 | D:3      | Became a worshipper of Beogh the Brigand
  1295 | D:3      | Reached * piety under Beogh
  1295 | D:3      | Reached ** piety under Beogh
  1510 | D:3      | Found a shadowy altar of Dithmenos.
  1682 | D:3      | Found an ancient bone altar of Kikubaaqudgha.
  1683 | D:3      | Noticed a human
  1686 | D:3      | Killed a human
  1996 | D:4      | Noticed a phantom
  2263 | D:4      | Reached XP level 4. HP: 36/39 MP: 4/4
  2283 | D:4      | Killed a phantom
  2284 | D:4      | Reached skill level 6 in Axes
  2284 | D:4      | Reached XP level 5. HP: 9/46 MP: 5/5
  2543 | D:4      | Identified the amulet "Haruel" {Faith Int+6 Stlth+}
  2833 | D:4      | Noticed a centaur
  2839 | D:4      | Killed a centaur
  2840 | D:4      | Reached skill level 7 in Axes
  3007 | D:4      | Found Buameok's Armour Boutique.
  3048 | D:4      | Reached XP level 6. HP: 52/52 MP: 6/6
  3450 | D:5      | Entered Level 5 of the Dungeon
  3450 | D:5      | Noticed Edmund
  3463 | D:4      | Reached skill level 8 in Axes
  3613 | D:4      | HP: 2/53 [Edmund (5)]
  3962 | D:4      | Killed Edmund
  3963 | D:4      | Reached XP level 7. HP: 60/60 MP: 7/7
  4003 | D:5      | Noticed Sigmund
  4014 | D:4      | Reached skill level 9 in Axes
  4485 | D:4      | Slain by a wight

Illustrated notes

Levels and vault maps discovered:
D:1:      ebering_hopf_link, layout_rooms,
          dreamdust_ecumenical_altar_angels_and_demons, minivault_23,
          minivault_19
D:2:      layout_rooms, basic_altar, serial_shops, nicolae_diamond_shop
D:3:      layout_loops_ring, tgw_kikubaaqudgha, grunt_dithmenos_smoke
D:4:      layout_basic, serial_shops, shop_fountains
D:5:      layout_cave_pools, serial_column_ruins, column_ruins_hut_ruined,
          column_ruins_columns_straight, column_ruins_corridor_T,
          column_ruins_open_tiny, column_ruins_grid_1, enter_ossuary_2,
          minmay_fractal_squares_gapless_5, uniq_blork_the_orc, uniq_pikel,
          uniq_edmund, uniq_sigmund

Skill      XL: |  1  2  3  4  5  6  7 |
---------------+----------------------+-----
Stealth        | 2 |  2.8
Axes           | 5 6 7 8 9 |  9.4
Fighting       | 4 |  4.9
Dodging        | |  2.4
Evocations     | |  0.5

Action                   |  1- 3 |  4- 6 |  7- 9 || total
-------------------------+-------+-------+-------++-------
Melee: Hand axe          |    87 |    85 |    25 ||   197
       Punch             |       |     2 |     1 ||     3
Invok: Convert to Beogh  |     1 |       |       ||     1
Evoke: Wand              |       |     8 |       ||     8
  Use: Scroll            |       |     3 |       ||     3
       Potion            |       |     2 |       ||     2
 Stab: Sleeping          |     2 |     1 |       ||     3
Armor: Robe              |     8 |     9 |     3 ||    20
Dodge: Dodged            |    53 |    47 |    16 ||   116
